AoeStats
← 猛踹瘸子好腿

Oasis

508628876Analyzed
4v4 RM · 10d ago on Sep 23, 2026· 18m 55s· 8 players
Game mode
Random Map
Map size
Large (8 player)
Population
200
Speed
Normal
Resources
Standard
Victory
Conquest
Starting age
Dark Age
Ending age
Imperial Age
RankedLock teamsTeams togetherTeam positionsShared explorationLock speedFull tech treeHidden civsTurbo modeCheats
Victory
Defeat
🇨🇳 Japanese · China
1365
+14
1331
+15
🇨🇳 Khmer · China
1330
+15
🇨🇳 Slavs · China
1270
+19
🇨🇳 Ethiopians · China
1337
-17
🇹🇼 Gurjaras · Taiwan
1325
-16
🇦🇷 Celts · Argentina
1306
-15
🇺🇸 Saxons · United States
1296
-15
NASPI
0:34 Loom
5:57 Loom
8:28 Feudal Age
9:49 Town Watch
9:50 Double-Bit Axe
13:00 Horse Collar
20:33 Castle Age
ZhongliN
6:42 Loom
9:06 Feudal Age
9:41 Double-Bit Axe
17:33 Wheelbarrow
17:45 Bloodlines
20:07 Castle Age
18:23 Horse Collar
Pinzon
9:49 Loom
11:35 Feudal Age
12:56 Double-Bit Axe
16:30 Castle Age
16:06 Scale Mail Armor
17:47 Gambesons
JieX
5:43 Loom
8:42 Feudal Age
12:14 Double-Bit Axe
鲸赠恩
6:16 Loom
8:34 Feudal Age
9:06 Double-Bit Axe
14:25 Horse Collar
20:44 Castle Age
Nightfall
10:27 Feudal Age
14:19 Castle Age
12:40 Double-Bit Axe
14:17 Horse Collar
19:09 Loom
很想要哥哥来给我打一针
7:01 Loom
9:45 Feudal Age
10:43 Double-Bit Axe
11:47 Fletching
15:47 Padded Archer Armor
21:21 Castle Age
猛踹瘸子好腿
9:39 Feudal Age
10:26 Double-Bit Axe
10:42 Horse Collar
15:00 Wheelbarrow
17:27 Loom
20:54 Castle Age
Connection lost

Rejoining the realm…

Still unreachable

The connection could not be restored.

Session expired

The server has moved on; the page needs a fresh start.